 Dungeon Crawl Stone Soup version 0.17.0-26-gececa24 (webtiles) character file.

2298 inmateoo the Chiller (level 9, -8/57 HPs)
             Began as an Octopode Ice Elementalist on Nov 19, 2015.
             Was an Initiate of Ashenzari.
             Mangled by an orc warrior
             ... wielding a +0 glaive
              (27 damage)
             ... on level 7 of the Dungeon.
             The game lasted 00:16:47 (9194 turns).

inmateoo the Chiller (Octopode Ice Elementalist)    Turns: 9194, Time: 00:16:47

Health: -8/57      AC:  1    Str:  8    XL:     9   Next: 40%
Magic:  16/16      EV:  9    Int: 20    God:    Ashenzari [......]
Gold:   170        SH:  0    Dex: 12    Spells: 5 memorised, 3 levels left

rFire  x . .     SeeInvis .     o - +3 trident (venom)
rCold  + + .     Clarity  .     (no shield)
rNeg   . . .     SustAt   .     (helmet restricted)
rPois  .         Gourm    .     (no amulet)
rElec  .         Spirit   .     e - ring of protection from cold (curse)
rCorr  .         Warding  .     y - ring of ice
rMut   .         Stasis   .     (no ring)
MR     .....                    (no ring)
Stlth  +++++.....               (no ring)
                                (no ring)
                                (no ring)
                                (no ring)

@: repel missiles, not resistant to hostile enchantments, quite stealthy
A: almost no armour, amphibious, 8 rings, constrict 8, camouflage 1, gelatinous
body 1
a: Renounce Religion


You were on level 7 of the Dungeon.
You worshipped Ashenzari.
Ashenzari was noncommittal.
You were not hungry.

You visited 2 branches of the dungeon, and saw 8 of its levels.

You collected 303 gold pieces.
You spent 133 gold pieces at shops.

Inventory:

Hand Weapons
 i - a +2 spear of venom
 j - a +3 whip of flaming
 o - a +3 trident of venom (weapon)
Armour
 p - a +1 shield
Jewellery
 e - a cursed ring of protection from cold (left tentacle)
 l - an uncursed ring of teleportation
 y - a ring of ice (right tentacle)
Wands
 t - a wand of slowing (18)
Scrolls
 c - 7 scrolls of recharging
 d - a scroll of remove curse
 f - a scroll of fog
 r - a scroll of curse jewellery
 x - a scroll of curse weapon
 C - a scroll of enchant weapon
Potions
 g - a potion of haste
 h - a potion of ambrosia
 k - a potion of flight
 n - 2 potions of curing {unknown}
 q - a potion of brilliance
 s - 2 potions of agility {unknown}
 u - 2 potions of mutation {unknown}
 A - 2 potions of heal wounds
Books
 a - a book of Frost

   Spells                             Type                      Level
   a - Freeze                         Ice                          1
   b - Throw Frost                    Conjuration/Ice              2
   c - Ozocubu's Armour               Charms/Ice                   3
   d - Throw Icicle                   Conjuration/Ice              4
   e - Summon Ice Beast               Ice/Summoning                4
   f - Condensation Shield            Ice                          4
 m - a book of Cantrips

   Spells                             Type                      Level
   a - Corona                         Hexes                        1
   b - Animate Skeleton               Necromancy                   1
   c - Summon Small Mammal            Summoning                    1
   d - Apportation                    Translocation                1
 v - a book of Minor Magic

   Spells                             Type                      Level
   a - Magic Dart                     Conjuration                  1
   b - Blink                          Translocation                2
   c - Call Imp                       Summoning                    2
   d - Repel Missiles                 Charms/Air                   2
   e - Slow                           Hexes                        2
   f - Conjure Flame                  Conjuration/Fire             3
   g - Mephitic Cloud                 Conjuration/Poison/Air       3
Comestibles
 b - 4 bread rations
 w - a royal jelly
 z - a meat ration


   Skills:
 + Level 3.5 Fighting
 + Level 3.9 Polearms
 + Level 5.3 Dodging
 + Level 7.2 Stealth
 + Level 4.8 Spellcasting
 - Level 1.0 Conjurations
 * Level 7.5 Ice Magic


You had 3 spell levels left.
You knew the following spells:

 Your Spells              Type           Power        Failure   Level  Hunger
a - Freeze                Ice            ####         1%          1    None
b - Ozocubu's Armour      Chrm/Ice       ####....     10%         3    ##.....
c - Condensation Shield   Ice            ######....   8%          4    ####...
d - Throw Icicle          Conj/Ice       ####....     24%         4    ####...
e - Repel Missiles        Chrm/Air       #.....       21%         2    #......


Dungeon Overview and Level Annotations

Branches:
Dungeon (7/15)             Temple (1/1) D:6

Altars:
Ashenzari
Cheibriados
Dithmenos
Elyvilon
Fedhas
Gozag
Makhleb
Nemelex Xobeh
Okawaru
Qazlal
Ru
Sif Muna
Trog
Yredelemnul
Zin

Shops:
D:6 ?

Annotations:
D:5 1 exclusion


Innate Abilities, Weirdness & Mutations

You cannot wear most types of armour.
You are amphibious.
You can wear up to eight rings at the same time.
You can use your tentacles to constrict eight enemies at once.
Your skin changes colour to match your surroundings (Stealth).
Your rubbery body absorbs attacks (AC +1).


Message History

You climb downwards.
An orc and an orc priest come into view.
The orc completely misses you.
An orc warrior and a skeleton come into view.
There is a stone staircase leading up here.
You barely miss the orc.
The orc warrior shouts!
You grab the orc. You constrict the orc. The orc hits you with a club.
You puncture the orc!
You kill the orc!
The adder skeleton barely misses you.
You puncture the adder skeleton!
You destroy the adder skeleton!
The orc warrior hits you from afar with a glaive!!
The orc priest shouts!
Okay, then.
The orc priest mumbles some strange prayers to Beogh against you.
Pain shoots through your body!
The orc warrior hits you from afar with a glaive!!
You die...

#. .. #.
## #. . #
#. .#
#.##.##.#
#.o.....#
#.o.@.#
#...).#
#.....#
#.....#
#######


You could see an orc warrior and an orc priest.

Vanquished Creatures
  Pikel (D:5)
  Sigmund (D:6)
  Edmund (D:4)
  2 slaves (D:5)
  2 orc warriors
  A phantom (D:5)
  A giant frog (D:6)
  A gnoll sergeant (D:3)
  A jelly (D:5)
  2 orc priests
  5 hounds
  A giant frog skeleton (D:5)
  2 orc wizards (D:5)
  3 gnoll shamans (D:3)
  3 worker ants
  Natasha (thrice) (D:3)
  A worker ant zombie (D:3)
  11 adders
  33 gnolls (D:3)
  2 oozes
  3 worms
  2 adder skeletons
  8 giant geckos
  16 orcs
  12 bats
  A bat skeleton (D:5)
  9 giant cockroaches
  3 goblins
  10 hobgoblins
  18 jackals
  3 ball pythons
  A giant cockroach zombie (D:3)
  5 giant newts
  16 kobolds
  9 rats
193 creatures vanquished.

Notes
Turn   | Place    | Note
--------------------------------------------------------------
     0 | D:1      | inmateoo the Octopode Ice Elementalist began the quest for the Orb.
     0 | D:1      | Reached XP level 1. HP: 11/11 MP: 3/3
   508 | D:1      | Reached XP level 2. HP: 15/17 MP: 5/5
   910 | D:1      | Reached XP level 3. HP: 12/21 MP: 0/6
   915 | D:1      | Learned a level 3 spell: Ozocubu's Armour
  1999 | D:2      | Reached XP level 4. HP: 15/27 MP: 0/7
  2250 | D:2      | Learned a level 4 spell: Condensation Shield
  3013 | D:3      | Reached skill level 4 in Ice Magic
  3038 | D:3      | Reached XP level 5. HP: 13/31 MP: 1/9
  3782 | D:3      | Noticed a gnoll sergeant
  3933 | D:3      | Reached XP level 6. HP: 25/36 MP: 1/10
  4600 | D:3      | Reached skill level 5 in Stealth
  4771 | D:3      | Reached skill level 5 in Ice Magic
  4911 | D:3      | Reached XP level 7. HP: 31/41 MP: 4/12
  4978 | D:3      | Reached skill level 1 in Polearms
  5243 | D:3      | Noticed Natasha
  5246 | D:3      | Killed Natasha
  5482 | D:3      | Killed a gnoll sergeant
  5482 | D:3      | Reached skill level 1 in Fighting
  5504 | D:3      | Noticed Natasha
  5755 | D:3      | Killed Natasha
  5841 | D:3      | Noticed Natasha
  5852 | D:3      | Killed Natasha
  5995 | D:4      | Noticed Edmund
  6016 | D:4      | Killed Edmund
  6016 | D:4      | Reached XP level 8. HP: 29/48 MP: 0/13
  6432 | D:4      | Learned a level 4 spell: Throw Icicle
  6435 | D:4      | Learned a level 2 spell: Repel Missiles
  6554 | D:4      | Reached skill level 6 in Ice Magic
  6783 | D:5      | Entered Level 5 of the Dungeon
  7569 | D:5      | Noticed Pikel
  7755 | D:5      | Killed Pikel
  7755 | D:5      | Reached skill level 5 in Dodging
  7755 | D:5      | Reached skill level 7 in Ice Magic
  7755 | D:5      | Reached XP level 9. HP: 51/55 MP: 3/15
  8158 | D:6      | Noticed Sigmund
  8173 | D:6      | Killed Sigmund
  8522 | D:6      | Found a staircase to the Ecumenical Temple.
  8539 | D:6      | Found Nodetz's Magic Scroll Boutique.
  8543 | D:6      | Bought a scroll of identify for 28 gold pieces
  8543 | D:6      | Bought a scroll of enchant weapon for 105 gold pieces
  8555 | Temple   | Entered the Ecumenical Temple
  8576 | Temple   | Became a worshipper of Ashenzari the Shackled
  9194 | D:7      | Mangled by an orc warrior

Action                   |  1- 3 |  4- 6 |  7- 9 || total
-------------------------+-------+-------+-------++-------
Melee: Unarmed           |    34 |    29 |       ||    63
       Whip              |       |    16 |       ||    16
       Spear             |       |    18 |   223 ||   241
       Trident           |       |       |    22 ||    22
 Cast: Freeze            |    50 |   109 |    45 ||   204
       Ozocubu's Armour  |     1 |    19 |    21 ||    41
       Condensation Shie |       |     1 |     2 ||     3
       Throw Icicle      |       |       |     3 ||     3
       Repel Missiles    |       |       |     2 ||     2
  Use: Scroll            |       |     7 |    11 ||    18
 Stab: Sleeping          |     5 |     1 |    23 ||    29
       Distracted        |       |       |     2 ||     2
  Eat: Chunk             |     4 |    11 |    16 ||    31
